[Event "ROU-ch Open 2021"]
[Site "Iasi"]
[Date "2021.04.22"]
[Round "5.12"]
[White "Ognean, Mihnea-Ionut"]
[Black "Sarighioleanu, Sebastian-Laurentiu"]
[Result "1-0"]
[ECO "B41"]
[WhiteElo "2298"]
[BlackElo "1902"]
[Annotator "ChessBase"]
[PlyCount "89"]
[EventDate "2021.04.19"]
[EventType "swiss"]
[EventCountry "ROU"]
[SourceTitle "playchess.com"]
[Source "ChessBase"]
[SourceQuality "1"]
[TimeControl "5400+30"]

1. e4 c5 2. Nf3 e6 3. d4 cxd4 4. Nxd4 a6 5. c4 Nf6 6. Nc3 Qc7 7. a3 b6 8. Be3 Bb7 9. f3 d6 10. Qd2 Be7 11. Be2 O-O 12. O-O Nbd7 13. b4 Rac8 14. Rac1 Rfe8 15. Rc2 Qb8 16. Kh1 Ne5 17. Na4 Nfd7 18. Rb1 Ba8 19. Qc1 Bb7 20. Nb3 Bc6 21. Nb2 h5 22. a4 Bd8 23. b5 Bb7 24. a5 axb5 25. cxb5 Rxc2 26. Qxc2 bxa5 27. Na4 h4 28. b6 Qa8 29. Nd4 h3 30. Nb5 hxg2+ 31. Kxg2 f5 32. Nxd6 fxe4 33. f4 Rf8 34. fxe5 Bg5 35. Bxg5 e3+ 36. Kg3 Rf2 37. Qc7 Rg2+ 38. Kh3 Kh7 39. Qxb7 Qf8 40. Qxg2 Nxe5 41. Qe4+ Ng6 42. Bd3 Kg8 43. Qxe6+ Kh8 44. Nf7+ Kg8 45. Ne5+ 1-0

[Event "ROU-ch Open 2021"]
[Site "Iasi"]
[Date "2021.04.22"]
[Round "5.13"]
[White "Ambru, Dan-Calin"]
[Black "Tocan, Cristian"]
[Result "1-0"]
[ECO "A27"]
[WhiteElo "1990"]
[BlackElo "2236"]
[Annotator "ChessBase"]
[PlyCount "59"]
[EventDate "2021.04.19"]
[EventType "swiss"]
[EventCountry "ROU"]
[SourceTitle "playchess.com"]
[Source "ChessBase"]
[SourceQuality "1"]
[TimeControl "5400+30"]

1. Nf3 Nc6 2. c4 e5 3. Nc3 Bc5 4. e3 d6 5. a3 a5 6. Be2 Bg4 7. h3 Bh5 8. O-O Nf6 9. d4 e4 10. Nd2 Bxe2 11. Qxe2 Ba7 12. Ncxe4 Nxe4 13. Nxe4 O-O 14. b3 Re8 15. Qf3 Qh4 16. Nc3 Bxd4 17. exd4 Nxd4 18. Qd1 Re6 19. Be3 Nf5 20. Qf3 g6 21. Nd5 Rc8 22. g4 Ng7 23. Bd4 f5 24. Bf6 Rxf6 25. Ne7+ Kh8 26. Nxc8 Rf8 27. Na7 Ne6 28. Nb5 h5 29. Qg3 Qf6 30. Qc3 1-0

[Event "ROU-ch Open 2021"]
[Site "Iasi"]
[Date "2021.04.23"]
[Round "6.16"]
[White "Stepanencu, Nicodim-Cosmin"]
[Black "Gheorghiu, Calin"]
[Result "1-0"]
[ECO "C07"]
[WhiteElo "2104"]
[BlackElo "2283"]
[Annotator "RC"]
[PlyCount "43"]
[EventDate "2021.04.19"]
[EventType "swiss"]
[EventCountry "ROU"]
[SourceTitle "playchess.com"]
[Source "ChessBase"]
[SourceQuality "1"]
[TimeControl "5400+30"]

1. e4 e6 2. d4 d5 3. Nd2 c5 4. exd5 Qxd5 5. dxc5 Nf6 6. Ngf3 Qxc5 7. Bd3 Be7 8. O-O O-O 9. Nb3 Qc7 10. a4 Nc6 11. c3 b6 12. Bg5 Bb7 13. Qe2 h6 14. Bh4 Nh5 15. Qe4 g6 16. Qg4 Bxh4 17. Qxh4 Rad8 18. Be4 Qf4 19. Qxf4 Nxf4 20. Rad1 f5 21. Bxc6 Bxc6 22. Nbd4 1-0

[Event "ROU-ch Open 2021"]
[Site "Iasi"]
[Date "2021.04.23"]
[Round "7.7"]
[White "Gavrilescu, David"]
[Black "Nanu, Costica-Ciprian"]
[Result "1/2-1/2"]
[ECO "B10"]
[WhiteElo "2476"]
[BlackElo "2503"]
[Annotator "ChessBase"]
[PlyCount "93"]
[EventDate "2021.04.19"]
[EventType "swiss"]
[EventCountry "ROU"]
[SourceTitle "playchess.com"]
[Source "ChessBase"]
[SourceQuality "1"]
[TimeControl "5400+30"]

1. e4 c6 2. Nf3 d5 3. d3 dxe4 4. dxe4 Qxd1+ 5. Kxd1 Bg4 6. Be2 Nd7 7. Ne1 Bxe2+ 8. Kxe2 Nc5 9. f3 e5 10. Be3 Nf6 11. Nd2 Nfd7 12. Nc4 f6 13. Rd1 O-O-O 14. Nd6+ Bxd6 15. Rxd6 Kc7 16. Rd2 Ne6 17. Nd3 Nb6 18. b3 Nd4+ 19. Kd1 Ne6 20. a4 Nc8 21. c3 b6 22. Kc2 Ne7 23. Ra1 c5 24. a5 Nc6 25. axb6+ axb6 26. Nb2 Rxd2+ 27. Bxd2 Na5 28. g3 Kb7 29. f4 exf4 30. gxf4 Re8 31. Re1 g6 32. h4 Ng7 33. b4 cxb4 34. cxb4 Nc6 35. Bc3 Nh5 36. Nc4 Rd8 37. e5 Nd4+ 38. Bxd4 Rxd4 39. Kc3 Rxf4 40. e6 Ng7 41. e7 Ne8 42. Rd1 Rf3+ 43. Kc2 Rf2+ 44. Kb3 Rf3+ 45. Kb2 Rf2+ 46. Kb3 Rf3+ 47. Kb2 1/2-1/2

[Event "ROU-ch Open 2021"]
[Site "Iasi"]
[Date "2021.04.23"]
[Round "7.9"]
[White "Jianu, Vlad-Cristian"]
[Black "Coca, Cristi-Iulian"]
[Result "1-0"]
[ECO "E71"]
[WhiteElo "2532"]
[BlackElo "2153"]
[Annotator "ChessBase"]
[PlyCount "57"]
[EventDate "2021.04.19"]
[EventType "swiss"]
[EventCountry "ROU"]
[SourceTitle "playchess.com"]
[Source "ChessBase"]
[SourceQuality "1"]
[TimeControl "5400+30"]

1. d4 Nf6 2. c4 g6 3. Nc3 Bg7 4. e4 d6 5. h3 O-O 6. Be3 e5 7. d5 a5 8. g4 Na6 9. Nge2 Nd7 10. Ng3 Ndc5 11. Be2 c6 12. h4 f5 13. exf5 gxf5 14. gxf5 Bxf5 15. Nxf5 Rxf5 16. Qd2 Kh8 17. O-O-O e4 18. Rhg1 Be5 19. Rg4 cxd5 20. Nxd5 Qe8 21. Kb1 b6 22. Rdg1 Rb8 23. h5 Qf7 24. h6 Ne6 25. Rxe4 Nac5 26. Reg4 b5 27. cxb5 Rxf2 28. Bxf2 Qxf2 29. Ne7 1-0

[Event "ROU-ch Open 2021"]
[Site "Iasi"]
[Date "2021.04.23"]
[Round "7.10"]
[White "Stepanencu, Nicodim-Cosmin"]
[Black "Filip, Lucian-Ioan"]
[Result "1/2-1/2"]
[ECO "B40"]
[WhiteElo "2104"]
[BlackElo "2442"]
[Annotator "NA"]
[PlyCount "35"]
[EventDate "2021.04.19"]
[EventType "swiss"]
[EventCountry "ROU"]
[SourceTitle "playchess.com"]
[Source "ChessBase"]
[SourceQuality "1"]
[TimeControl "5400+30"]

1. e4 c5 2. Nf3 e6 3. b3 a6 4. Bb2 Nc6 5. c4 Qc7 6. g3 Nf6 7. Qe2 b5 8. d3 bxc4 9. dxc4 Bb7 10. Bg2 e5 11. Nc3 Nd4 12. Qd3 Be7 13. O-O d6 14. Ne1 O-O 15. Nc2 Rae8 16. Rae1 Qb8 17. Ne3 Bd8 18. Bc1 1/2-1/2

[Event "ROU-ch Open 2021"]
[Site "Iasi"]
[Date "2021.04.23"]
[Round "7.11"]
[White "Antonica, Dragos-Andrei"]
[Black "Filip, Andrei (L.)"]
[Result "1/2-1/2"]
[ECO "A73"]
[WhiteElo "2291"]
[BlackElo "2168"]
[Annotator "NA"]
[PlyCount "65"]
[EventDate "2021.04.19"]
[EventType "swiss"]
[EventCountry "ROU"]
[SourceTitle "playchess.com"]
[Source "ChessBase"]
[SourceQuality "1"]
[TimeControl "5400+30"]

1. d4 Nf6 2. c4 e6 3. Nc3 c5 4. d5 exd5 5. cxd5 d6 6. Nf3 g6 7. Nd2 Nbd7 8. e4 Bg7 9. Be2 O-O 10. O-O Ne5 11. h3 g5 12. Nc4 Nxc4 13. Bxc4 g4 14. Bg5 gxh3 15. Qf3 hxg2 16. Rfe1 h6 17. Bh4 b5 18. Bd3 c4 19. Bc2 b4 20. e5 Bg4 21. Qg3 dxe5 22. Ne4 h5 23. Qxg2 Qb6 24. Nxf6+ Bxf6 25. Qe4 Rfe8 26. Qh7+ Kf8 27. d6 Qxd6 28. Qh6+ Ke7 29. Rad1 Bxd1 30. Rxd1 Qxd1+ 31. Bxd1 Bxh4 32. Qxh5 Bf6 33. Qf3 1/2-1/2

[Event "ROU-ch Open 2021"]
[Site "Iasi"]
[Date "2021.04.23"]
[Round "7.12"]
[White "Nevednichy, Vladislav"]
[Black "Ignat, Matei-Marius"]
[Result "1/2-1/2"]
[ECO "C17"]
[WhiteElo "2533"]
[BlackElo "1978"]
[Annotator "ChessBase"]
[PlyCount "80"]
[EventDate "2021.04.19"]
[EventType "swiss"]
[EventCountry "ROU"]
[SourceTitle "playchess.com"]
[Source "ChessBase"]
[SourceQuality "1"]
[TimeControl "5400+30"]

1. e4 e6 2. d4 d5 3. Nc3 Bb4 4. e5 c5 5. Bd2 Ne7 6. a3 Bxc3 7. Bxc3 b6 8. b4 Nbc6 9. Nf3 Nf5 10. dxc5 bxc5 11. b5 Nb8 12. Bd3 O-O 13. O-O a6 14. a4 Bb7 15. Qe2 Nh4 16. Nxh4 Qxh4 17. bxa6 Bxa6 18. Bxa6 Rxa6 19. a5 c4 20. Rfb1 Nc6 21. Rb7 Qd8 22. h3 Qa8 23. Rab1 Nxa5 24. Bxa5 Rxa5 25. Kh2 Ra7 26. R7b6 Ra1 27. R1b4 h6 28. f4 Qc8 29. Qf2 Qa8 30. f5 exf5 31. Qd4 Ra5 32. e6 Qe8 33. Qe5 fxe6 34. Rb8 Qc6 35. R4b6 Qc5 36. Qxe6+ Kh7 37. Qg6+ Kh8 38. R8b7 Qd4 39. Qxh6+ gxh6 40. Rxh6+ Kg8 1/2-1/2

[Event "ROU-ch Open 2021"]
[Site "Iasi"]
[Date "2021.04.23"]
[Round "7.13"]
[White "Negrean, Andrei"]
[Black "Ghimpu, Samuel-Timotei"]
[Result "0-1"]
[ECO "B42"]
[WhiteElo "1904"]
[BlackElo "2315"]
[Annotator "NA"]
[PlyCount "120"]
[EventDate "2021.04.19"]
[EventType "swiss"]
[EventCountry "ROU"]
[SourceTitle "playchess.com"]
[Source "ChessBase"]
[SourceQuality "1"]
[TimeControl "5400+30"]

1. e4 c5 2. Nf3 a6 3. c4 e6 4. d4 cxd4 5. Nxd4 Nf6 6. Nc3 Qc7 7. Bd3 Nc6 8. Nxc6 dxc6 9. O-O e5 10. Qe2 Be6 11. h3 Bc5 12. Bg5 O-O-O 13. Rab1 h6 14. Be3 Bxe3 15. Qxe3 Rd4 16. Ne2 Rd7 17. b4 Rhd8 18. Rb3 Nh5 19. Rc3 Nf4 20. Nxf4 exf4 21. Qf3 g5 22. Rfc1 h5 23. Qe2 g4 24. hxg4 hxg4 25. f3 g3 26. Kf1 Qe5 27. Ke1 Qh8 28. b5 Rd4 29. bxc6 bxc6 30. c5 Kc7 31. Qf1 a5 32. Rb1 Rxe4+ 33. Kd2 Re3 34. Re1 Rdxd3+ 35. Rxd3 Qb2+ 36. Kd1 Qb1+ 37. Kd2 Qxa2+ 38. Kc1 Qa1+ 39. Kd2 Qb2+ 40. Kd1 Bb3+ 41. Rxb3 Qxb3+ 42. Kd2 Qc3+ 43. Kd1 Rd3+ 44. Qxd3 Qxd3+ 45. Kc1 Qc3+ 46. Kd1 Qd4+ 47. Ke2 Qf2+ 48. Kd1 Qxg2 49. Re7+ Kd8 50. Rxf7 Qxf3+ 51. Kc2 g2 52. Rf8+ Ke7 53. Rg8 g1=Q 54. Rxg1 Qf2+ 55. Kd3 Qxg1 56. Kc4 f3 57. Kd3 f2 58. Kd4 f1=Q+ 59. Ke4 Qg3 60. Kd4 Qfd3# 0-1

[Event "ROU-ch Open 2021"]
[Site "Iasi"]
[Date "2021.04.23"]
[Round "7.15"]
[White "Martian, Dragos-Daniel"]
[Black "Antal, Hunor-Zoltan"]
[Result "0-1"]
[ECO "C07"]
[WhiteElo "2198"]
[BlackElo "2023"]
[Annotator "NA"]
[PlyCount "86"]
[EventDate "2021.04.19"]
[EventType "swiss"]
[EventCountry "ROU"]
[SourceTitle "playchess.com"]
[Source "ChessBase"]
[SourceQuality "1"]
[TimeControl "5400+30"]

1. e4 e6 2. d4 d5 3. Nd2 c5 4. c3 Nc6 5. Ngf3 cxd4 6. cxd4 Nge7 7. Bd3 dxe4 8. Nxe4 Nf5 9. Be3 Bb4+ 10. Nc3 Nxe3 11. fxe3 e5 12. O-O exd4 13. exd4 O-O 14. a3 Bd6 15. d5 Ne7 16. Kh1 Ng6 17. Qc2 Bg4 18. Bf5 Bxf5 19. Qxf5 Qc8 20. Qd3 Qg4 21. Rae1 Qxg2+ 22. Kxg2 Nf4+ 23. Kh1 Nxd3 24. Re2 a6 25. Nd4 g6 26. Rf3 Ne5 27. Rf1 Rad8 28. Ne4 Nc4 29. a4 Be5 30. Rc1 Bxd4 31. Rxc4 Rxd5 32. Rc7 b5 33. Rc6 bxa4 34. Rd2 Rfd8 35. Rxa6 f5 36. Ng5 Be3 37. Rxd5 Rxd5 38. Ra8+ Kg7 39. Ne6+ Kf6 40. Ra6 Ke5 41. Nc7 Rc5 42. Re6+ Kf4 43. Re7 Kf3 0-1

[Event "ROU-ch Open 2021"]
[Site "Iasi"]
[Date "2021.04.23"]
[Round "7.16"]
[White "Padurariu, Mihai-Edward"]
[Black "Ciorgovean, Iustin"]
[Result "1-0"]
[ECO "B53"]
[WhiteElo "2084"]
[BlackElo "2338"]
[Annotator "NA"]
[PlyCount "57"]
[EventDate "2021.04.19"]
[EventType "swiss"]
[EventCountry "ROU"]
[SourceTitle "playchess.com"]
[Source "ChessBase"]
[SourceQuality "1"]
[TimeControl "5400+30"]

1. e4 c5 2. Nf3 d6 3. d4 cxd4 4. Qxd4 Nc6 5. Qe3 g6 6. c4 Bg7 7. h3 Nf6 8. Be2 O-O 9. O-O Nd7 10. Nc3 Qb6 11. Qf4 Bxc3 12. bxc3 Nde5 13. Nxe5 Nxe5 14. Qh4 f6 15. Be3 Qb2 16. Rfe1 b6 17. c5 bxc5 18. f4 Qxc3 19. fxe5 Qxe3+ 20. Kh1 Qd4 21. exd6 exd6 22. Rad1 Qe5 23. Rd5 Qb2 24. Rxd6 Qxa2 25. e5 Qb2 26. Bc4+ Kh8 27. Rd8 Kg7 28. exf6+ Qxf6 29. Re7+ 1-0

[Event "ROU-ch Open 2021"]
[Site "Iasi"]
[Date "2021.04.23"]
[Round "7.17"]
[White "Ognean, Mihnea-Ionut"]
[Black "Bonciu, David"]
[Result "1-0"]
[ECO "B31"]
[WhiteElo "2298"]
[BlackElo "2016"]
[Annotator "NA"]
[PlyCount "91"]
[EventDate "2021.04.19"]
[EventType "swiss"]
[EventCountry "ROU"]
[SourceTitle "playchess.com"]
[Source "ChessBase"]
[SourceQuality "1"]
[TimeControl "5400+30"]

1. e4 c5 2. Nf3 Nc6 3. Bb5 g6 4. Bxc6 dxc6 5. d3 Bg7 6. h3 Nf6 7. Nc3 O-O 8. O-O Nd7 9. Be3 e5 10. Qd2 Re8 11. Nh2 Qe7 12. f4 exf4 13. Bxf4 Nf8 14. Bh6 Be6 15. Bxg7 Kxg7 16. b3 Rad8 17. Qe3 b5 18. a4 a6 19. axb5 axb5 20. Ra6 Qb7 21. Rfa1 Nd7 22. Ra7 Qb8 23. Ne2 Qd6 24. Nf3 Ne5 25. Nxe5 Qxe5 26. R1a6 Rd7 27. Nf4 Rxa7 28. Rxa7 Qd4 29. Qxd4+ cxd4 30. Rc7 g5 31. Ne2 Rc8 32. Rxc8 Bxc8 33. Nxd4 Bd7 34. b4 Kf6 35. Kf2 h6 36. Ke3 Ke5 37. Nf3+ Kd6 38. Kd4 f6 39. e5+ fxe5+ 40. Nxe5 Be6 41. Ng4 Bd5 42. Nxh6 Bxg2 43. Nf7+ Ke6 44. Nxg5+ Kf5 45. h4 Kg4 46. Ne4 1-0

[Event "ROU-ch Open 2021"]
[Site "Iasi"]
[Date "2021.04.23"]
[Round "7.19"]
[White "Magold, Victor"]
[Black "Isfan, Ioan-Marius"]
[Result "0-1"]
[ECO "E14"]
[WhiteElo "2014"]
[BlackElo "2263"]
[Annotator "NA"]
[PlyCount "104"]
[EventDate "2021.04.19"]
[EventType "swiss"]
[EventCountry "ROU"]
[SourceTitle "playchess.com"]
[Source "ChessBase"]
[SourceQuality "1"]
[TimeControl "5400+30"]

1. d4 Nf6 2. Nf3 e6 3. c4 b6 4. e3 Bb7 5. Bd3 Bb4+ 6. Bd2 Bxd2+ 7. Nbxd2 d6 8. O-O Nbd7 9. b4 O-O 10. Qb3 Qe7 11. e4 e5 12. d5 Nh5 13. g3 g6 14. Qc2 Ng7 15. Nh4 Bc8 16. Nb3 Nf6 17. c5 Nfh5 18. cxd6 cxd6 19. Rfc1 f5 20. exf5 gxf5 21. Nd2 e4 22. Bb5 Nf4 23. Qc6 Rb8 24. Qc7 Qxc7 25. Rxc7 Nxd5 26. Bc4 Be6 27. Rxa7 Rf7 28. Rxf7 Kxf7 29. Bxd5 Bxd5 30. a4 Kf6 31. Ng2 Ne6 32. a5 bxa5 33. bxa5 Rb2 34. Nf1 Ra2 35. Rd1 Rxa5 36. Nfe3 Ke5 37. Nxd5 Rxd5 38. Rxd5+ Kxd5 39. Ne3+ Kc5 40. Nxf5 d5 41. Kf1 Ng5 42. h4 Nf3 43. Ke2 Nd4+ 44. Nxd4 Kxd4 45. Kd2 h5 46. Ke2 Ke5 47. f4+ exf3+ 48. Ke3 Kf5 49. Kxf3 d4 50. Kg2 Ke4 51. Kf2 d3 52. Ke1 Ke3 0-1

[Event "ROU-ch Open 2021"]
[Site "Iasi"]
[Date "2021.04.23"]
[Round "7.20"]
[White "Ambru, Dan-Calin"]
[Black "Nastore, Pavel-Alexandru"]
[Result "0-1"]
[ECO "A67"]
[WhiteElo "1990"]
[BlackElo "2256"]
[Annotator "NA"]
[PlyCount "120"]
[EventDate "2021.04.19"]
[EventType "swiss"]
[EventCountry "ROU"]
[SourceTitle "playchess.com"]
[Source "ChessBase"]
[SourceQuality "1"]
[TimeControl "5400+30"]

1. d4 Nf6 2. c4 c5 3. d5 e6 4. Nc3 exd5 5. cxd5 d6 6. e4 g6 7. f4 Bg7 8. Bb5+ Nfd7 9. Be2 Qh4+ 10. g3 Qd8 11. Nf3 O-O 12. O-O Re8 13. Kg2 Na6 14. f5 Nf6 15. Bg5 h6 16. Bxf6 Bxf6 17. Qd2 Kg7 18. fxg6 fxg6 19. Rae1 Nc7 20. a4 b6 21. Bc4 Bg4 22. e5 Bxf3+ 23. Rxf3 Bxe5 24. Ref1 Re7 25. Bd3 Qg8 26. Qc2 Kh7 27. Bxg6+ Qxg6 28. Rf7+ Rxf7 29. Rxf7+ Bg7 30. Qxg6+ Kxg6 31. Rxc7 Bxc3 32. bxc3 Kf6 33. Rh7 Ke5 34. h4 Kxd5 35. h5 a5 36. Rxh6 b5 37. axb5 a4 38. b6 a3 39. b7 Rb8 40. Rf6 a2 41. Rf1 Rxb7 42. Ra1 Rb2+ 43. Kf3 Ke5 44. Kg4 Kf6 45. Kf4 Rf2+ 46. Ke3 Rc2 47. Kf4 d5 48. g4 Rf2+ 49. Ke3 Rb2 50. Kf4 d4 51. g5+ Kg7 52. cxd4 c4 53. h6+ Kg6 54. Re1 Rb1 55. Re6+ Kf7 56. Rf6+ Kg8 57. g6 Rf1+ 58. Kg5 Rxf6 59. Kxf6 a1=Q 60. h7+ Kh8 0-1

[Event "ROU-ch Open 2021"]
[Site "Iasi"]
[Date "2021.04.24"]
[Round "8.8"]
[White "Nanu, Costica-Ciprian"]
[Black "Antonica, Dragos-Andrei"]
[Result "1-0"]
[ECO "E14"]
[WhiteElo "2503"]
[BlackElo "2291"]
[Annotator "ChessBase"]
[PlyCount "57"]
[EventDate "2021.04.19"]
[EventType "swiss"]
[EventCountry "ROU"]
[SourceTitle "playchess.com"]
[Source "ChessBase"]
[SourceQuality "1"]
[TimeControl "5400+30"]

1. d4 Nf6 2. Nf3 e6 3. c4 b6 4. e3 Bb7 5. Bd3 Be7 6. O-O O-O 7. Nc3 d5 8. cxd5 exd5 9. b3 Nbd7 10. Bb2 Re8 11. Rc1 a6 12. Ne5 Bd6 13. f4 c5 14. a4 Nf8 15. Ne2 Ne4 16. dxc5 Bxc5 17. Nd4 Ng6 18. b4 Bf8 19. Nf5 Nd6 20. Qh5 Nxf5 21. Qxf5 Qe7 22. Bd4 Bc8 23. Qh5 f5 24. Rxc8 Raxc8 25. Bxf5 Qh4 26. Bxg6 Qxh5 27. Bxh5 g6 28. Bf3 Red8 29. Bxb6 1-0

[Event "ROU-ch Open 2021"]
[Site "Iasi"]
[Date "2021.04.24"]
[Round "8.9"]
[White "Filip, Lucian-Ioan"]
[Black "Gavrilescu, David"]
[Result "1/2-1/2"]
[ECO "E04"]
[WhiteElo "2442"]
[BlackElo "2476"]
[Annotator "ChessBase"]
[PlyCount "59"]
[EventDate "2021.04.19"]
[EventType "swiss"]
[EventCountry "ROU"]
[SourceTitle "playchess.com"]
[Source "ChessBase"]
[SourceQuality "1"]
[TimeControl "5400+30"]

1. Nf3 d5 2. d4 Nf6 3. c4 e6 4. g3 dxc4 5. Bg2 a6 6. O-O Nc6 7. Nbd2 b5 8. b3 c3 9. Nb1 b4 10. a3 Rb8 11. axb4 Bxb4 12. Qd3 e5 13. Nxc3 exd4 14. Ne4 Bf5 15. Nd6+ Bxd6 16. Qxf5 Rb6 17. e3 Qd7 18. Qxd7+ Kxd7 19. Nxd4 Nxd4 20. exd4 c6 21. Bd2 Ra8 22. Rfc1 Nd5 23. Ba5 Rxb3 24. Bh3+ Ke7 25. Rxc6 Bb4 26. Bxb4+ Rxb4 27. Re1+ Kf8 28. Bg2 Ne7 29. Rd6 Re8 30. Rxa6 1/2-1/2

[Event "ROU-ch Open 2021"]
[Site "Iasi"]
[Date "2021.04.24"]
[Round "8.11"]
[White "Ghimpu, Samuel-Timotei"]
[Black "Stepanencu, Nicodim-Cosmin"]
[Result "1-0"]
[ECO "B87"]
[WhiteElo "2315"]
[BlackElo "2104"]
[Annotator "NA"]
[PlyCount "59"]
[EventDate "2021.04.19"]
[EventType "swiss"]
[EventCountry "ROU"]
[SourceTitle "playchess.com"]
[Source "ChessBase"]
[SourceQuality "1"]
[TimeControl "5400+30"]

1. e4 c5 2. Nf3 d6 3. d4 cxd4 4. Nxd4 Nf6 5. Nc3 a6 6. Bc4 e6 7. Bb3 b5 8. O-O Qb6 9. Re1 Be7 10. Be3 Qb7 11. a3 Nbd7 12. Qf3 O-O 13. Qg3 Re8 14. Nf3 Qc7 15. Rad1 Ne5 16. Nd4 Bf8 17. f4 Nc4 18. Bxc4 Qxc4 19. e5 Nd7 20. exd6 Bxd6 21. Ndxb5 Bf8 22. Nd6 Bxd6 23. Rxd6 Qc7 24. Red1 Nf8 25. Ne4 Ng6 26. f5 exf5 27. Rxg6 Qxg3 28. Nf6+ Kh8 29. Rxg3 gxf6 30. Bd4 1-0

[Event "ROU-ch Open 2021"]
[Site "Iasi"]
[Date "2021.04.24"]
[Round "8.13"]
[White "Daianu, Cristian-Clement"]
[Black "Nevednichy, Vladislav"]
[Result "1/2-1/2"]
[ECO "B42"]
[WhiteElo "2234"]
[BlackElo "2533"]
[Annotator "ChessBase"]
[PlyCount "67"]
[EventDate "2021.04.19"]
[EventType "swiss"]
[EventCountry "ROU"]
[SourceTitle "playchess.com"]
[Source "ChessBase"]
[SourceQuality "1"]
[TimeControl "5400+30"]

1. e4 c5 2. Nf3 e6 3. d4 cxd4 4. Nxd4 a6 5. Bd3 Bc5 6. Nb3 Ba7 7. f4 d6 8. Qf3 Nc6 9. Be3 Bxe3 10. Qxe3 Nf6 11. O-O e5 12. Nc3 exf4 13. Qxf4 O-O 14. Nd5 Nxd5 15. exd5 Ne5 16. Rad1 Bd7 17. Kh1 Qb6 18. Nd4 g6 19. b3 Rae8 20. h3 Qa5 21. Nf3 Nxf3 22. Qxf3 Re5 23. Qf6 Rxd5 24. Bc4 Rf5 25. Rxf5 Qxf5 26. Qxf5 Bxf5 27. Rxd6 Bxc2 28. Bd5 b5 29. Rxa6 Rd8 30. Bc6 b4 31. a3 bxa3 32. Rxa3 Rd6 33. Bf3 Bd1 34. Bxd1 1/2-1/2

[Event "ROU-ch Open 2021"]
[Site "Iasi"]
[Date "2021.04.24"]
[Round "8.14"]
[White "Zubcu, Vlad-George"]
[Black "Ognean, Mihnea-Ionut"]
[Result "1-0"]
[ECO "B11"]
[WhiteElo "2168"]
[BlackElo "2298"]
[Annotator "NA"]
[PlyCount "73"]
[EventDate "2021.04.19"]
[EventType "swiss"]
[EventCountry "ROU"]
[SourceTitle "playchess.com"]
[Source "ChessBase"]
[SourceQuality "1"]
[TimeControl "5400+30"]

1. e4 c6 2. Nc3 d5 3. Nf3 Nf6 4. e5 Ne4 5. d4 Nxc3 6. bxc3 c5 7. Be3 c4 8. Be2 Nc6 9. O-O Bg4 10. Ng5 Bxe2 11. Qxe2 e6 12. f4 Be7 13. Nh3 Qa5 14. Bd2 Qa4 15. f5 Qxc2 16. f6 gxf6 17. exf6 Bd6 18. Ng5 Nd8 19. Rac1 Qg6 20. h4 h5 21. Bf4 Bf8 22. Qb2 Kd7 23. Nf3 Qxf6 24. Ne5+ Kc8 25. Bg5 Qg7 26. Bxd8 f5 27. Bg5 Bd6 28. Rce1 Kc7 29. Re2 Rhe8 30. Rb1 Rab8 31. Qb5 Bxe5 32. Rxe5 Qd7 33. Qa5+ b6 34. Qxa7+ Rb7 35. Qa3 Qd6 36. Qa4 Qc6 37. Qd1 1-0

[Event "ROU-ch Open 2021"]
[Site "Iasi"]
[Date "2021.04.24"]
[Round "8.15"]
[White "Ignat, Matei-Marius"]
[Black "Gheorghiu, Calin"]
[Result "1-0"]
[ECO "B51"]
[WhiteElo "1978"]
[BlackElo "2283"]
[Annotator "NA"]
[PlyCount "69"]
[EventDate "2021.04.19"]
[EventType "swiss"]
[EventCountry "ROU"]
[SourceTitle "playchess.com"]
[Source "ChessBase"]
[SourceQuality "1"]
[TimeControl "5400+30"]

1. e4 c5 2. Nf3 d6 3. Bb5+ Nd7 4. a4 Ngf6 5. Nc3 g6 6. O-O Bg7 7. a5 a6 8. Be2 O-O 9. d4 cxd4 10. Qxd4 Qc7 11. h3 b5 12. axb6 Nxb6 13. Be3 Rb8 14. Qd3 Nfd7 15. Bd4 Nc5 16. Qe3 Bb7 17. Nd2 Bxd4 18. Qxd4 e5 19. Qe3 f5 20. f4 Rbe8 21. exf5 exf4 22. Qxf4 Rxf5 23. Qg3 Rfe5 24. Bf3 Bxf3 25. Nxf3 Re3 26. Rfe1 Nc4 27. Rxe3 Nxe3 28. Re1 Qa7 29. Qf2 Qe7 30. Nd5 Nxd5 31. Rxe7 Rxe7 32. Qd4 Ne3 33. Qxd6 Rd7 34. Qxc5 Rd1+ 35. Kf2 1-0

[Event "ROU-ch Open 2021"]
[Site "Iasi"]
[Date "2021.04.24"]
[Round "8.16"]
[White "Isfan, Ioan-Marius"]
[Black "Albu, George"]
[Result "0-1"]
[ECO "B07"]
[WhiteElo "2263"]
[BlackElo "2050"]
[Annotator "NA"]
[PlyCount "72"]
[EventDate "2021.04.19"]
[EventType "swiss"]
[EventCountry "ROU"]
[SourceTitle "playchess.com"]
[Source "ChessBase"]
[SourceQuality "1"]
[TimeControl "5400+30"]

1. d4 Nf6 2. Nf3 g6 3. Nbd2 Bg7 4. e4 d6 5. Bd3 O-O 6. O-O Nc6 7. Re1 e5 8. c3 Nh5 9. Nb3 Bg4 10. Be3 exd4 11. cxd4 d5 12. h3 Bc8 13. e5 f6 14. exf6 Qxf6 15. Bg5 Qf7 16. Rc1 Nf4 17. Rxc6 Nxh3+ 18. gxh3 bxc6 19. Nbd2 Be6 20. Kh2 Rae8 21. Be3 Qd7 22. Ng5 Qd6+ 23. Kh1 Bf5 24. Bxf5 Rxf5 25. Rg1 Qd7 26. Qg4 c5 27. Nb3 c4 28. Nc5 Qd6 29. h4 Bh6 30. Nge4 Qf8 31. Ng3 Rf7 32. Nd7 Qe7 33. Nf5 Rxf5 34. Bxh6 Qxd7 35. h5 Qe6 36. Bf4 Qe4+ 0-1

[Event "ROU-ch Open 2021"]
[Site "Iasi"]
[Date "2021.04.24"]
[Round "8.17"]
[White "Coca, Cristi-Iulian"]
[Black "Nastore, Pavel-Alexandru"]
[Result "1-0"]
[ECO "A05"]
[WhiteElo "2153"]
[BlackElo "2256"]
[Annotator "NA"]
[PlyCount "67"]
[EventDate "2021.04.19"]
[EventType "swiss"]
[EventCountry "ROU"]
[SourceTitle "playchess.com"]
[Source "ChessBase"]
[SourceQuality "1"]
[TimeControl "5400+30"]

1. Nf3 Nf6 2. g3 e6 3. Bg2 a6 4. c4 b5 5. b3 Bb7 6. O-O Be7 7. Bb2 O-O 8. Qc2 d6 9. Ng5 Bxg2 10. Bxf6 g6 11. Nxe6 Bxf6 12. Nxd8 Bxf1 13. Kxf1 Bxa1 14. Qe4 Ra7 15. Nc6 Nxc6 16. Qxc6 Raa8 17. Na3 Bb2 18. Nc2 bxc4 19. bxc4 Ra7 20. d3 a5 21. a4 Rb8 22. Ne3 h5 23. h4 Rb6 24. Qe8+ Kg7 25. Nd5 Rba6 26. Qb8 Bd4 27. Nxc7 Rb6 28. Qd8 Rab7 29. Ne8+ Kh7 30. Nxd6 Rb8 31. Qd7 Bg7 32. c5 Rb1+ 33. Kg2 Rc1 34. c6 1-0